 Dungeon Crawl Stone Soup version 0.19.3-4-gbf9329e (webtiles) character file.

124 Naow the Conjurer (level 4, -3/24 HPs)
             Began as a Deep Elf Conjurer on Jan 26, 2017.
             Slain by an ogre
             ... wielding a +0 giant club
              (19 damage)
             ... on level 4 of the Dungeon.
             The game lasted 00:02:48 (2606 turns).

Naow the Conjurer (Deep Elf Conjurer)               Turns: 2606, Time: 00:02:49

Health: -3/24      AC:  2    Str:  5    XL:     4   Next: 81%
Magic:  7/12       EV: 13    Int: 21    God:
Gold:   190        SH:  0    Dex: 15    Spells: 2 memorised, 9 levels left

rFire  . . .     SeeInvis .     m - +0 dagger (speed)
rCold  . . .     Gourm    .     a - +0 robe
rNeg   . . .     Faith    .     (no shield)
rPois  .         Spirit   .     (no helmet)
rElec  .         Reflect  .     (no cloak)
rCorr  .         Harm     .     (no gloves)
MR     .....                    (no boots)
Stlth  ++........               (no amulet)
                                (no ring)
                                (no ring)

@: no status effects
A: no striking features
a: no special abilities


You were on level 4 of the Dungeon.
You were not hungry.

You visited 1 branch of the dungeon, and saw 4 of its levels.

You collected 190 gold pieces.

Inventory:

Hand Weapons
 m - a +0 dagger of speed (weapon)
Armour
 a - a +0 robe (worn)
Scrolls
 e - 3 scrolls of teleportation {unknown}
 g - 2 scrolls of remove curse {unknown}
 h - a scroll of recharging {unknown}
 i - a scroll of identify {unknown}
 k - 3 scrolls of fog {unknown}
 l - 3 scrolls of enchant armour {unknown}
 q - a scroll of enchant weapon {unknown}
Potions
 j - 2 potions of ambrosia {unknown}
 n - a potion of haste {unknown}
 p - a potion of lignification {unknown}
 s - a potion of brilliance {unknown}
Books
 b - a book of Conjurations

   Spells                             Type                      Level
   a - Magic Dart                     Conjuration                  1
   b - Searing Ray                    Conjuration                  2
   c - Dazzling Spray                 Conjuration/Hexes            3
   d - Fulminant Prism                Conjuration/Hexes            4
   e - Iskenderun's Mystic Blast      Conjuration                  4
   f - Iskenderun's Battlesphere      Conjuration/Charms           5
 r - a book of Changes

   Spells                             Type                      Level
   a - Beastly Appendage              Transmutation                1
   b - Sticks to Snakes               Transmutation                2
   c - Spider Form                    Transmutation/Poison         3
   d - Ice Form                       Ice/Transmutation            4
   e - Blade Hands                    Transmutation                5
Comestibles
 c - 2 bread rations
 d - 3 meat rations
 f - 3 fruits
 o - 3 chunks of flesh


   Skills:
 - Level 2.4 Dodging
 - Level 2.4 Stealth
 + Level 4.8 Spellcasting
 * Level 6.0 Conjurations


You had 9 spell levels left.
You knew the following spells:

 Your Spells              Type           Power        Failure   Level  Hunger
a - Magic Dart            Conj           ####         1%          1    None
b - Searing Ray           Conj           ####..       1%          2    None


Dungeon Overview and Level Annotations

Branches:
Dungeon (4/15)
 Temple: D:4-7

Altars:
Dithmenos
Okawaru
Qazlal


Message History

Aim: an ogre, wielding a giant club (resting)
The magic dart hits the ogre.
The ogre is lightly wounded.
The ogre shouts!
You hear a shout!
Casting: Magic Dart
Confirm with . or Enter, or press ? or * to list all spells.
Aiming: Searing Ray
Press: ? - help, Shift-Dir - straight line, f/p - ogre
Aim: an ogre, wielding a giant club (lightly wounded)
The searing ray hits the ogre.
The ogre is heavily wounded. (Press . to maintain the ray.)
The searing ray hits the ogre.
The ogre is heavily wounded.
The ogre hits you with a giant club!
The searing ray hits the ogre.
The ogre is almost dead.
The ogre hits you with a giant club!!
Ouch! That really hurt!
You die...

#.......#
#.......#
#.......#
#.......#
#.......#
######.## #.#
#.# #@#
......O........
#######.####.##
..# ###


You could see an ogre.

Vanquished Creatures
  3 gnolls (D:3)
  4 adders
  A dart slug (D:2)
  A leopard gecko (D:2)
  4 orcs (D:3)
  A ball python (D:4)
  3 giant cockroaches (D:1)
  5 goblins
  7 hobgoblins
  9 kobolds
  A quokka (D:3)
  5 bats
  7 frilled lizards
  3 rats
54 creatures vanquished.

Notes
Turn   | Place    | Note
-------+----------+-------------------------------------------
     0 | D:1      | Naow the Deep Elf Conjurer began the quest for the Orb.
     0 | D:1      | Reached XP level 1. HP: 10/10 MP: 6/6
   314 | D:1      | Reached XP level 2. HP: 15/15 MP: 6/8
   318 | D:1      | Learned a level 2 spell: Searing Ray
   498 | D:1      | Reached skill level 5 in Conjurations
   801 | D:2      | Reached XP level 3. HP: 19/19 MP: 1/10
   983 | D:2      | Found an iron altar of Okawaru.
  1666 | D:3      | Found a shadowy altar of Dithmenos.
  1785 | D:3      | Reached XP level 4. HP: 24/24 MP: 7/12
  2187 | D:3      | Reached skill level 6 in Conjurations
  2232 | D:3      | Found a stormy altar of Qazlal.
  2602 | D:4      | Noticed an ogre
  2606 | D:4      | Slain by an ogre

Skill      XL: |  1  2  3  4 |
---------------+-------------+-----
Conjurations   | 5 6 |  6.0
Spellcasting   | 4 |  4.8
Dodging        | |  2.4
Stealth        | |  2.4

Action                   |  1- 3 |  4- 6 || total
-------------------------+-------+-------++-------
Melee: Unarmed           |     2 |       ||     2
 Cast: Magic Dart        |    67 |    28 ||    95
       Searing Ray       |     1 |     3 ||     4
  Eat: Chunk             |     2 |     3 ||     5
Armor: Robe              |     2 |       ||     2
Dodge: Dodged            |     8 |     1 ||     9
